 Dungeon Crawl Stone Soup version 0.27-a0-1184-ge86db4a01e (webtiles) character file.

Game seed: 10108855032773889334

147 leviel the Covered (level 5, -1/47 HPs)
             Began as a Minotaur Fighter on May 18, 2021.
             Killed by divine providence
             ... invoked by an orc priest
              (14 damage)
             ... on level 3 of the Dungeon.
             The game lasted 00:02:03 (2458 turns).

leviel the Covered (Minotaur Fighter)               Turns: 2458, Time: 00:02:04

Health: -1/47      AC:  7    Str: 21    XL:     5   Next: 8%
Magic:  4/4        EV:  7    Int:  5    God:
Gold:   99         SH:  9    Dex: 10    Spells: 4/4 levels left

rFire    . . .     SeeInvis .   a - +0 war axe
rCold    . . .     Faith    .   c - +0 kite shield
rNeg     . . .     Spirit   .   b - +0 scale mail
rPois    .         Reflect  .   (helmet restricted)
rElec    .         Harm     .   (no cloak)
rCorr    .         Rampage  .   (no gloves)
Will     .....                  (no boots)
Stlth    ..........             (no amulet)
HPRegen  0.15/turn              (no ring)
MPRegen  0.09/turn              (no ring)

@: no status effects
A: horns 2, retaliatory headbutt
a: no special abilities


You were on level 3 of the Dungeon.
You visited 1 branch of the dungeon, and saw 3 of its levels.

You collected 99 gold pieces.

Inventory:

Hand Weapons
 a - a +0 war axe (weapon)
Missiles
 m - 9 poisoned darts (quivered)
Armour
 b - a +0 scale mail (worn)
 c - a +0 kite shield (worn)
Jewellery
 r - a ring of ice
Wands
 p - a wand of polymorph (6)
Scrolls
 e - a scroll of summoning {unknown}
 f - a scroll of acquirement {unknown}
 g - a scroll of magic mapping {unknown}
 i - 2 scrolls of enchant armour {unknown}
 j - 2 scrolls of amnesia {unknown}
 l - 3 scrolls of identify {unknown}
 o - 2 scrolls of teleportation {unknown}
Potions
 d - 3 potions of might
 h - a potion of berserk rage {unknown}
 k - a potion of ambrosia {unknown}
 n - a potion of flight {unknown}
 q - a potion of mutation {unknown}


   Skills:
 + Level 4.4 Fighting
 * Level 4.4 Axes
 + Level 4.5 Armour
 + Level 4.4 Shields


You had 4 spell levels left.
You didn't know any spells.
Your spell library was empty.

Dungeon Overview and Level Annotations

Branches:
Dungeon (3/15)

Altars:
Vehumet

Shops:
D:2 :


Innate Abilities, Weirdness & Mutations

You have a pair of horns on your head.
You reflexively headbutt those who attack you in melee.


Message History

The jackal bites you but does no damage.
You block the jackal's attack.
You closely miss the jackal. You block the jackal's attack. x2
You hit the jackal.
The jackal is moderately wounded.
The jackal bites you.
The orc priest calls down the wrath of Beogh upon you.
Beogh smites you!
* * * LOW HITPOINT WARNING * * *
The jackal closely misses you.
You hear a shout!
An orc wizard comes into view. It is wielding a +0 dagger.
The orc wizard shouts!
An orc comes into view. It is wielding a +0 whip.
You block the jackal's attack.
The jackal bites you but does no damage.
You barely miss the orc. You headbutt the orc.
The orc is moderately wounded.
You closely miss the jackal. You hit the jackal.
The orc hits you but does no damage. The jackal barely misses you.
You block the jackal's attack.
The jackal bites you but does no damage.
You block the jackal's attack.
You hit the orc but do no damage. x2; You slash the jackal!
You kill the jackal!
You barely miss the jackal. You block the jackal's attack.
The orc hits you but does no damage. You block the orc's attack.
You block the jackal's attack.
You hit the orc. Your headbutt misses the orc.
The orc is almost dead.
Your shield and scale mail prevent you from hitting the jackal.
You barely miss the orc. You closely miss the orc.
The orc hits you with a +0 whip.
* * * LOW HITPOINT WARNING * * *
You block the orc's attack.
The jackal bites you but does no damage.
The orc hits you but does no damage.
The orc priest invokes the aid of Beogh against you.
Beogh smites you!
You die...

#...# #8...#..#..#. #..o#
####...#..#..#. #..o#
#......#....... ####+#..o#
#.#######.##### #.......o#
#.........#....
#......oo#############.###
#.......ooh..# #..
#.....).####o### #.#
#.....).o@ho...# #.#
#.....).#oo....# #.#
#.....####...### ######.#
#..... #8...8# #......#
...... ##...## #.######
..### #...# #.# .. ##...##
#.# #⌠...8# #.######
##...## #.......


You could see an orc priest, an orc wizard, 3 orcs and a jackal.

Vanquished Creatures
  An orc priest (D:3)
  Jessica (D:2)
  A gnoll (D:1)
  An adder (D:3)
  A worm (D:2)
  2 dart slugs (D:1)
  3 orcs (D:3)
  5 endoplasms
  3 giant cockroaches
  4 hobgoblins
  10 jackals
  2 kobolds (D:1)
  6 quokkas
  4 ball pythons
  3 bats (D:1)
  2 frilled lizards (D:1)
  4 goblins
  7 rats
60 creatures vanquished.

Notes
Turn   | Place    | Note
-------+----------+-------------------------------------------
     0 | D:1      | leviel the Minotaur Fighter began the quest for the Orb.
     0 | D:1      | Reached XP level 1. HP: 19/19 MP: 0/0
   311 | D:1      | Reached XP level 2. HP: 26/27 MP: 1/1
   540 | D:1      | Reached XP level 3. HP: 22/33 MP: 2/2
  1666 | D:2      | Found a radiant altar of Vehumet.
  1666 | D:2      | Noticed Jessica
  1679 | D:2      | Killed Jessica
  1680 | D:2      | Reached XP level 4. HP: 40/40 MP: 3/3
  1689 | D:2      | Found Aresozxo's Book Shoppe.
  2437 | D:3      | Reached XP level 5. HP: 22/47 MP: 4/4
  2458 | D:3      | Killed from afar by an orc priest

Illustrated notes

Levels and vault maps discovered:
D:1:      dpeg_arrival_ternary, layout_loops_corners, minmay_misc_feat_roman
D:2:      layout_basic, serial_shops, shop, basic_altar, uniq_jessica
D:3:      layout_basic, serial_corexii_hall, corexii_hall_statues_x,
          corexii_hall_statues_l, chequers_hall_statues_wall_a,
          corexii_hall_statues_i, kennysheep_donut, dk_noncrumbling_3

Skill      XL: |  1  2  3  4 |
---------------+-------------+-----
Axes           | 3 4 |  4.4
Fighting       | 4 |  4.4
Armour         | 4 |  4.5
Shields        | 4 |  4.4

Action                   |  1- 3 |  4- 6 || total
-------------------------+-------+-------++-------
Melee: War axe           |    85 |    40 ||   125
       Headbutt          |    11 |     7 ||    18
       Unarmed           |     5 |       ||     5
Armor: Scale mail        |    46 |    16 ||    62
Dodge: Dodged            |    34 |    13 ||    47
Block: Kite shield       |    50 |    32 ||    82

Table legend: (Time is in decaauts)
 A = Elapsed time spent in this place.
 B = Non-inter-level travel time spent in this place.
 C = Inter-level travel time spent in this place.
 D = Time resting spent in this place.
 E = Time spent auto-exploring this place.
 F = Levels seen in this place.
 G = Mean time per level.
                   A        B        C        D        E       F      G
               +--------+--------+--------+--------+--------+-----+--------+
         Total |   2525 |   2481 |     44 |      3 |   2132 |   3 |  841.7 |
       Dungeon |   2525 |   2481 |     44 |      3 |   2132 |   3 |  841.7 |
               +--------+--------+--------+--------+--------+-----+--------+

Top non-repeatable levels by time:
     D:1: 1213 daAuts
     D:2: 875 daAuts
     D:3: 436 daAuts
